 Dungeon Crawl Stone Soup version 0.31.0-11-ge490571c62 (webtiles) character file.

Game seed: 12700199256411143137

43 wildpjah the Ducker (level 3, 0/27 HPs)
             Began as a Demonspawn Gladiator on Jan 29, 2024.
             Was a Priest of Jiyva.
             Slain by a gnoll
             ... wielding a +0 club
              (10 damage)
             ... on level 3 of the Dungeon.
             The game lasted 00:02:52 (1389 turns).

wildpjah the Ducker (Demonspawn Gladiator)          Turns: 1389, Time: 00:02:53

Health: 0/27       AC:  1    Str: 16    XL:     3   Next: 37%
Magic:  3/3        EV: 12    Int:  8    God:    Jiyva [***...]
Gold:   66         SH:  4    Dex: 14    Spells: 2/2 levels left

rFire   . . .        a - +0 war axe
rCold   . . .        (no shield)
rNeg    . . .        b - +0 leather armour
rPois   +            (helmet restricted)
rElec   .            (no cloak)
rCorr   +            (no gloves)
SInv    .            (no boots)
Will    .....        (no amulet)
Stlth   +            (no ring)
HPRegen 1.36/turn    (no ring)
MPRegen 0.64/turn

%: no passive effects
@: no status effects
A: horns 1, condensation shield, poison resistance, pseudopods 3
a: Renounce Religion, Oozemancy


You were on level 3 of the Dungeon.
You worshipped Jiyva.
Jiyva was most pleased with you.
You visited 1 branch of the dungeon, and saw 3 of its levels.

You collected 66 gold pieces.

Inventory:

Hand Weapons
 a - a +0 war axe (weapon)
Missiles
 d - 3 throwing nets (quivered)
 e - 4 javelins
Armour
 b - a +0 leather armour (worn)
 c - a +0 helmet
Magical Staves
 f - a staff of air
Scrolls
 g - a scroll of teleportation {unknown}
 h - 2 scrolls of identify {unknown}
Potions
 i - a potion of degeneration {unknown}


   Skills:
 + Level 2.3 Fighting
 + Level 3.1 Axes
 + Level 1.8 Throwing
 + Level 0.4 Armour
 + Level 3.3 Dodging
 + Level 0.2 Stealth


You had 2 spell levels left.
You didn't know any spells.
Your spell library was empty.

Dungeon Overview and Level Annotations

Branches:
Dungeon (3/15)

Altars:
Jiyva

Shops:
D:1 [


Innate Abilities, Weirdness & Mutations

You have a pair of small horns on your head.
A meltable shield of frost defends you. (SH +4)
Your system is resistant to poisons. (rPois)
Armour fits poorly on your massive pseudopods.


Message History

No target in view!
No target in view!
No target in view!
No target in view!
No target in view!
No target in view!
HP restored.
You hear a distant slurping noise.
You now have 66 gold pieces (gained 11).
You hear a distant slurping noise.
h - 2 scrolls labelled IGOISA KODDA (gained 1)
i - a silvery potion A gnoll comes into view.
It is wielding a +0 flail.
The gnoll moves out of view.
A gnoll comes into view. It is wielding a +0 club. x2
The gnoll shouts!
A quokka comes into view.
The gnoll shouts!
You hear an angry hiss.
The gnoll completely misses you.
You slash the gnoll!
The gnoll is heavily wounded.
You hit the gnoll but do no damage.
An orc comes into view. It is wielding a +0 mace.
The gnoll misses you. You block the gnoll's attack.
The gnoll hits you with a +0 club.
You completely miss the gnoll.
The orc shouts!
Your headbutt misses the gnoll.
The gnoll is heavily wounded.
You barely miss the quokka. You hit the gnoll.
You hear an angry growl.
The quokka bites you. The gnoll hits you but does no damage.
The quokka barely misses you.
Unknown command.
You barely miss the gnoll.
The gnoll is heavily wounded.
You hit the gnoll. You hit the quokka. The gnoll hits you with a +0 club.
The quokka bites you. The gnoll closely misses you.
The gnoll hits you with a +0 club!
You die...

.#.##†#.##........~~~≈~~≈≈.
.#.##............~~≈~≈≈≈≈≈~
.#.####.#........~~~≈≈≈≈~~~
.#......#.........~≈~≈≈~~.P
...##..............~≈~~≈..
##.##...#..........P~≈~.P.
....#...#.###........~~~
#.....<.#.# #...grP...~~
#.....#.#.# #.?.@g......
#.....#.#.# #....g......
#.......#.# #...........
#.....###.# ####........
#.....# #.# #o.......
#.....# #.# #........
#.....# #........ ####...
......... #...


You could see 3 gnolls, an orc and a quokka.

Vanquished Creatures
  An adder (D:2)
  2 ribbon worms (D:2)
  A bat (D:2)
  A giant cockroach (D:1)
  A goblin (D:1)
  2 hobgoblins
  2 quokkas (D:1)
  3 ball pythons
  12 frilled lizards (D:1)
  4 kobolds
  5 rats
  A spectral kobold (D:1)
35 creatures vanquished.

Vanquished Creatures (others)
  2 dart slugs
  A ribbon worm (D:2)
  2 endoplasms
  A giant cockroach (D:2)
  2 hobgoblins
  3 kobolds
  4 ball pythons
  A bat (D:2)
  A goblin (D:1)
  A rat (D:2)
18 creatures vanquished.

Grand Total: 53 creatures vanquished

Notes
Turn   | Place    | Note
-------+----------+-------------------------------------------
     0 | D:1      | wildpjah the Demonspawn Gladiator began the quest for the
                  | Orb.
     0 | D:1      | Reached XP level 1. HP: 16/16 MP: 1/1
    38 | D:1      | Found a faded altar of an unknown god.
    54 | D:1      | Prayed at the altar of an unknown god.
    54 | D:1      | Became a worshipper of Jiyva Juinec the Shapeless
    54 | D:1      | Reached * piety under Jiyva
   371 | D:1      | Gained mutation: You have a pair of small horns on your
                  | head. [demonic ancestry]
   371 | D:1      | Reached XP level 2. HP: 22/22 MP: 2/2
   497 | D:1      | Found Vudoehom's Antique Armour Shop.
   647 | D:1      | Reached ** piety under Jiyva
   908 | D:2      | Gained mutation: A meltable shield of frost defends you.
                  | (SH +4) [demonic ancestry]
   908 | D:2      | Reached XP level 3. HP: 18/27 MP: 3/3
  1116 | D:2      | Reached *** piety under Jiyva
  1179 | D:2      | Gained mutation: Your system is resistant to poisons.
                  | (rPois) [Jiyva's grace]
  1179 | D:2      | Gained mutation: Armour fits poorly on your pseudopods.
                  | [Jiyva's grace]
  1179 | D:2      | Gained mutation: Armour fits poorly on your large
                  | pseudopods. [Jiyva's grace]
  1179 | D:2      | Gained mutation: Armour fits poorly on your massive
                  | pseudopods. [Jiyva's grace]
  1389 | D:3      | Slain by a gnoll

Illustrated notes

Levels and vault maps discovered:
D:1:      dpeg_arrival_tiny_d, layout_basic, serial_shops, shop,
          dreamdust_ecumenical_altar_drowned_temple, minmay_lizard_king
D:2:      layout_basic
D:3:      layout_basic, amethyst_killhole, guppyfry_early_lair_pool

Skill      XL: |  1  2 |
---------------+-------+-----
Dodging        | 3 |  3.3
Axes           | 3 |  3.1
Fighting       | |  2.3
Throwing       | |  1.8
Armour         | |  0.4
Stealth        | |  0.2

Action                     || total
---------------------------++-------
  Melee: War axe           ||    85
         Punch             ||     1
         Headbutt          ||     9
   Stab: Sleeping          ||     1
 Armour: Leather armour    ||    51
  Dodge: Dodged            ||    69
  Block: Other             ||     4
